 Dungeon Crawl Stone Soup version 0.27.1-1-g398f81649c (webtiles) character file.

Game seed: 16288610642852919584

2997 bnorton916 the Vexing (level 9, -5/45 HPs)
             Began as a Deep Elf Conjurer on Sept 19, 2021.
             Was an Initiate of Ashenzari.
             Shot with a sling bullet by Joseph (7 damage)
             ... on level 7 of the Dungeon.
             The game lasted 00:13:51 (9279 turns).

bnorton916 the Vexing (Deep Elf Conjurer)           Turns: 9279, Time: 00:13:53

Health: -5/45      AC:  7    Str: 10    XL:     9   Next: 54%
Magic:  19/19      EV: 13    Int: 26    God:    Ashenzari [......]
Gold:   309        SH:  0    Dex: 19    Spells: 3/18 levels left

rFire    . . .     SeeInvis +   j - +1 dagger (venom)
rCold    . . .     Faith    .   (no shield)
rNeg     . . .     Spirit   .   a - +0 robe
rPois    .         Reflect  .   (no helmet)
rElec    .         Harm     .   H - +2 cloak of the Four Allies {Will+ Str+5}
rCorr    .         Rampage  .   (no gloves)
Will     +....                  E - +1 pair of boots
Stlth    ++........             m - amulet of the acrobat
HPRegen  0.15/turn              b - +6 ring of dexterity
MPRegen  0.16/turn              i - ring of see invisible

@: no status effects
A: no striking features
a: Renounce Religion


You were on level 7 of the Dungeon.
You worshipped Ashenzari.
Ashenzari was noncommittal.
You visited 2 branches of the dungeon, and saw 9 of its levels.

You collected 309 gold pieces.

Inventory:

Hand Weapons
 j - a +1 dagger of venom (weapon)
Missiles
 o - 63 stones
Armour
 a - a +0 robe (worn)
 D - a +0 buckler
 E - a +1 pair of boots (worn)
 F - a +3 leather armour
 H - the +2 cloak of the Four Allies (worn) {Will+ Str+5}
   (You found it on level 7 of the Dungeon)

   Str:       It affects your strength (+5).
   Will:      It increases your willpower.
Jewellery
 b - a +6 ring of dexterity (left hand)
 i - a ring of see invisible (right hand)
 m - an amulet of the acrobat (around neck)
 y - a ring of poison resistance
Wands
 g - a wand of flame (21)
 n - a wand of iceblast (11)
 s - a wand of polymorph (9)
Scrolls
 c - a scroll of brand weapon
 f - 7 scrolls of identify
 h - 3 scrolls of enchant weapon
 l - 2 scrolls of amnesia
 r - a scroll of enchant armour
 t - 2 scrolls of fog
 u - a scroll of teleportation
 B - a scroll of immolation
 C - 2 scrolls of noise
Potions
 d - 4 potions of lignification
 e - 3 potions of flight
 k - 2 potions of haste
 p - 3 potions of might
 v - a potion of degeneration
 w - 2 potions of invisibility
 z - a potion of magic
 A - a potion of attraction
 G - a potion of berserk rage


   Skills:
 + Level 2.2 Armour
 - Level 3.2 Dodging
 - Level 2.4 Stealth
 + Level 2.2 Shields
 - Level 5.4 Spellcasting
 - Level 6.8 Conjurations
 - Level 7.2 Hexes
 - Level 6.7 Translocations
 - Level 5.2 Earth Magic
 - Level 5.2 Poison Magic


You had 3 spell levels left.
You knew the following spells:

 Your Spells              Type           Power      Damage    Failure   Level
a - Magic Dart            Conj           100%       1d8       1%          1
b - Searing Ray           Conj           84%        3d6       1%          2
c - Fulminant Prism       Conj/Hex       21%        3d13      4%          4
d - Iskenderun's Mystic   Conj/Tloc      42%        2d10      4%          4
e - Sandblast             Erth           68%        2d15      1%          1
f - Mephitic Cloud        Conj/Pois/Air  28%        N/A       4%          3

Your spell library contained the following spells:

 Spells                   Type           Power      Damage    Failure   Level
 Dazzling Flash           Conj/Hex       86%        N/A       1%          3
 Gell's Gravitas          Tloc           21%        N/A       1%          3
 Lesser Beckoning         Tloc           21%        N/A       1%          3
 Teleport Other           Tloc           42%        N/A       1%          3
 Passwall                 Tmut/Erth      16%        N/A       3%          2
 Summon Guardian Golem    Hex/Summ       25%        N/A       4%          3
 Conjure Flame            Conj/Fire      24%        6-21      5%          3
 Summon Small Mammal      Summ           28%        N/A       8%          1
 Call Imp                 Summ           7%         N/A       11%         2
 Ignite Poison            Fire/Tmut/Pois 16%        N/A       11%         3
 Call Canine Familiar     Summ           7%         N/A       22%         3
 Sticky Flame             Conj/Fire      24%        2d5       19%         4
 Lee's Rapid Deconstruct  Erth           17%        3d11*     24%         5
 Petrify                  Tmut/Erth      20%        N/A       26%         4
 Metabolic Englaciation   Hex/Ice        12%        N/A       43%         5
 Statue Form              Tmut/Erth      13%        N/A       98%         6


Dungeon Overview and Level Annotations

Branches:
Dungeon (8/15)             Temple (1/1) D:7
   Lair: D:8-11

Altars:
Ashenzari
Cheibriados
Dithmenos
Elyvilon
Fedhas
Gozag
Kikubaaqudgha
Makhleb
Nemelex Xobeh
Okawaru
Qazlal
Ru
Sif Muna
Uskayaw
Vehumet
Wu Jian
Xom
Yredelemnul
Zin
The Shining One

Annotations:
D:4 1 runed translucent door, NFM's ghost, amateur HOFi
D:7 Joseph


Message History

You start resting.
You start resting.
HP restored.
You start waiting.
Done waiting.
You start waiting.
Done waiting.
Okay, then.
Unknown command.
Unknown command.
Unknown command.
You climb downwards.
Level annotation: Joseph Joseph smiles happily.
Joseph shoots a sling bullet.
The sling bullet misses you.
Joseph shoots a sling bullet.
The sling bullet barely misses you.
There is a stone staircase leading up here.
Unknown command.
Aiming: Iceblast
Press: ? - help, Shift-Dir - straight line The mass of ice explodes!
The iceblast engulfs Joseph.
Joseph is lightly wounded.
Joseph shoots a sling bullet.
The sling bullet barely misses you.
Unknown command.
Aiming: Iceblast
Press: ? - help, Shift-Dir - straight line The mass of ice explodes!
The iceblast engulfs Joseph!
Joseph is lightly wounded.
Joseph shoots a sling bullet.
The sling bullet hits you!!
Aiming: Iceblast
Press: ? - help, Shift-Dir - straight line The mass of ice explodes!
The iceblast engulfs Joseph.
Joseph is moderately wounded.
Joseph shoots a sling bullet.
The sling bullet hits you.
Aiming: Iceblast
Press: ? - help, Shift-Dir - straight line The mass of ice explodes!
The iceblast engulfs Joseph!
Joseph is heavily wounded.
Joseph shoots a sling bullet.
The sling bullet hits you!!
* * * LOW HITPOINT WARNING * * *
You die...

##################
#.................
#.################
##########.## #...........#
#############
#.####.####.###............
#.###...##...........#####.
#.##.###.#@.###.####.#####.
#.#.## ##...###.####.#.....
#.#.# #....#>.........##.
#.#.## ##.#..#..####..>..#.
#.##.###.##..#..######...#.
#.###...###..#.............
#......@....>#..######...#.
#####...####.#..######...#.
#########......................


You could see Joseph.

Vanquished Creatures
  A two-headed ogre (D:4)
  Edmund (D:4)
  2 water moccasins
  An orc warrior (D:7)
  An ice beast (D:6)
  A sky beast (D:7)
  A black bear (D:6)
  3 necrophages
  An ogre (D:6)
  A centaur (D:6)
  A phantom (D:5)
  A bullfrog (D:7)
  A water moccasin zombie (D:6)
  A water moccasin skeleton (D:4)
  3 killer bees (D:7)
  3 wights (D:7)
  A bullfrog zombie (D:6)
  2 orc priests
  3 hounds
  A bullfrog skeleton (D:5)
  A jelly (D:6)
  2 centaur skeletons
  Jessica (D:2)
  3 iguanas
  2 orc wizards (D:7)
  A hound zombie (D:4)
  A howler monkey zombie (D:5)
  8 gnolls
  7 adders
  A white imp (D:7)
  An ufetubus (D:5)
  An adder skeleton (D:4)
  2 worms
  18 orcs
  7 endoplasms
  2 giant cockroaches
  5 goblins
  12 hobgoblins
  6 jackals
  2 quokkas (D:4)
  4 ball pythons
  9 bats
  6 frilled lizards
  5 kobolds
  5 rats
142 creatures vanquished.

Vanquished Creatures (others)
  6 fulminant prisms
6 creatures vanquished.

Grand Total: 148 creatures vanquished

Notes
Turn   | Place    | Note
-------+----------+-------------------------------------------
     0 | D:1      | bnorton916 the Deep Elf Conjurer began the quest for the
                  | Orb.
     0 | D:1      | Reached XP level 1. HP: 10/10 MP: 6/6
   323 | D:1      | Reached XP level 2. HP: 15/15 MP: 5/8
   326 | D:1      | Learned a level 2 spell: Searing Ray
   511 | D:1      | Found a faded altar of an unknown god.
  1182 | D:2      | Reached skill level 5 in Conjurations
  1182 | D:2      | Reached XP level 3. HP: 19/19 MP: 5/10
  1620 | D:2      | Noticed Jessica
  1626 | D:2      | Killed Jessica
  1627 | D:2      | Reached XP level 4. HP: 23/24 MP: 4/12
  2100 | D:3      | Reached skill level 5 in Spellcasting
  2471 | D:3      | Reached XP level 5. HP: 25/28 MP: 1/14
  2476 | D:3      | Learned a level 4 spell: Fulminant Prism
  2481 | D:3      | Learned a level 4 spell: Iskenderun's Mystic Blast
  2804 | D:3      | Found a sparkling altar of Nemelex Xobeh.
  2984 | D:4      | Reached skill level 1 in Hexes
  3011 | D:4      | Learned a level 1 spell: Sandblast
  3189 | D:4      | Noticed Edmund
  3199 | D:4      | Killed Edmund
  3200 | D:4      | Reached skill level 3 in Hexes
  3200 | D:4      | Reached XP level 6. HP: 28/32 MP: 2/16
  3755 | D:4      | Reached skill level 4 in Hexes
  3772 | D:4      | Found a runed translucent door.
  3776 | D:4      | Noticed NFM's ghost (amateur HOFi)
  3969 | D:4      | Noticed a two-headed ogre
  4308 | D:3      | Learned a level 3 spell: Mephitic Cloud
  4341 | D:4      | Killed a two-headed ogre
  4342 | D:4      | Reached skill level 6 in Hexes
  4342 | D:4      | Reached skill level 5 in Translocations
  4342 | D:4      | Reached XP level 7. HP: 36/36 MP: 1/17
  4342 | D:4      | Reached XP level 8. HP: 41/41 MP: 1/18
  4645 | D:5      | Entered Level 5 of the Dungeon
  5525 | D:5      | Reached skill level 7 in Hexes
  6029 | D:6      | Reached XP level 9. HP: 31/45 MP: 3/19
  6170 | D:6      | Reached skill level 5 in Poison Magic
  6228 | D:6      | Reached skill level 5 in Earth Magic
  6646 | D:6      | Found an ancient bone altar of Kikubaaqudgha.
  6646 | D:6      | Found an opulent altar of Gozag.
  6654 | D:6      | Found a radiant altar of Vehumet.
  6656 | D:6      | Found a glowing silver altar of Zin.
  6658 | D:6      | Found a white marble altar of Elyvilon.
  7537 | D:7      | Reached skill level 1 in Shields
  7541 | D:7      | Reached skill level 1 in Armour
  8051 | D:7      | Identified the +2 cloak of the Four Allies {Will+ Str+5}
  8115 | D:7      | Found an iron altar of Okawaru.
  8350 | D:7      | Found a staircase to the Ecumenical Temple.
  8593 | Temple   | Entered the Ecumenical Temple
  8633 | Temple   | Became a worshipper of Ashenzari the Shackled
  8748 | D:8      | Noticed Joseph
  9279 | D:7      | HP: 2/45 [Joseph/sling bullet (19)]
  9279 | D:7      | Shot with a sling bullet by Joseph

Illustrated notes

Levels and vault maps discovered:
D:1:      moated_graveyard_arrival, layout_loops_ring,
          shapermc_ecumenical_altar_ellora
D:2:      layout_rooms, uniq_jessica
D:3:      layout_rooms, nemelex_spade_bored_becter, kennysheep_another_room
D:4:      cheibrodos_barr_body, layout_rooms, ebering_ghost_sewer_d, uniq_edmund
D:5:      layout_layer_cave
D:6:      layout_loops_ring, chequers_temple_overflow_minitemple,
          chequers_decorated_corner, minmay_fractal_squares_gapless_5
D:7:      layout_loops_ring, overflow_temple_1_default,
          minmay_temple_entry_nine_rooms
D:8:      layout_basic, hex_intersection, minmay_pinched_square, uniq_harold,
          uniq_joseph
Temple:   cyrus_circular_temple

Skill      XL: |  1  2  3  4  5  6  7  8  9 |
---------------+----------------------------+-----
Spellcasting   | 4 5 |  5.4
Conjurations   | 5 6 |  6.8
Hexes          | 3 6 7 |  7.2
Translocations | 2 5 6 |  6.7
Earth Magic    | 3 4 5 |  5.2
Poison Magic   | 3 4 5 |  5.2
Dodging        | 3 |  3.2
Shields        | 2 |  2.2
Armour         | 2 |  2.2
Stealth        | |  2.4

Action                   |  1- 3 |  4- 6 |  7- 9 || total
-------------------------+-------+-------+-------++-------
Melee: Dagger            |       |       |     4 ||     4
 Cast: Magic Dart        |    68 |    66 |    52 ||   186
       Searing Ray       |     2 |    14 |    13 ||    29
       Sandblast         |       |    27 |    89 ||   116
       Mephitic Cloud    |       |     1 |       ||     1
       Iskenderun's Myst |       |       |     5 ||     5
       Fulminant Prism   |       |       |     6 ||     6
Evoke: Wand              |       |       |     4 ||     4
  Use: Potion            |       |       |     1 ||     1
Armor: Robe              |     4 |     2 |    11 ||    17
Dodge: Dodged            |     6 |    31 |    44 ||    81
